 Seeded DCSS version 0.28-a0-1206-g193881aaa2 (webtiles) character file.

Game seed: 17753636173388036118 (custom seed)

29 flotson the Ducker (level 3, 0/28 HPs)
             Began as a Demonspawn Gladiator on Dec 20, 2021.
             Slain by Terence (4 damage)
             ... on level 1 of the Dungeon.
             The game lasted 00:02:16 (624 turns).

flotson the Ducker (Demonspawn Gladiator)            Turns: 624, Time: 00:02:17

Health: 0/28       AC:  4    Str: 16    XL:     3   Next: 1%
Magic:  3/3        EV: 12    Int:  9    God:
Gold:   35         SH:  0    Dex: 14    Spells: 2/2 levels left

rFire   . . .      SeeInvis .   a - +0 war axe
rCold   . . .      Faith    .   (no shield)
rNeg    . . .      Spirit   .   b - +0 leather armour
rPois   .          Reflect  .   c - +0 helmet
rElec   .          Harm     .   (no cloak)
rCorr   .          Rampage  .   (no gloves)
Will    .....                   (no boots)
Stlth   +.........              (no amulet)
HPRegen 0.09/turn               (no ring)
MPRegen 0.08/turn               (no ring)

@: no status effects
A: powered by death 2
a: no special abilities


You were on level 1 of the Dungeon.
You visited 1 branch of the dungeon, and saw 2 of its levels.

You collected 35 gold pieces.

Inventory:

Hand Weapons
 a - a +0 war axe (weapon)
Missiles
 d - 2 throwing nets (quivered)
 g - 2 curare-tipped darts
Armour
 b - a +0 leather armour (worn)
 c - a +0 helmet (worn)
Scrolls
 f - a scroll of amnesia {unknown}
 h - 3 scrolls of teleportation {unknown}
Potions
 e - a potion of degeneration {unknown}


   Skills:
 + Level 2.4 Fighting
 - Level 2.6 Axes
 + Level 2.2 Throwing
 + Level 1.0 Armour
 + Level 3.0 Dodging


You had 2 spell levels left.
You didn't know any spells.
Your spell library was empty.

Dungeon Overview and Level Annotations

Branches:
Dungeon (2/15)

Altars:

Annotations:
D:1 Terence


Innate Abilities, Weirdness & Mutations

You regenerate health from kills.


Message History

Your experience leads to an increase in your attributes!
Increase (S)trength, (I)ntelligence, or (D)exterity?
You feel stronger. x2; Your demonic ancestry asserts itself...
The wave of death grows in power.
Throw: 3 darts (curare)
Press: ? - help, Q - select action, (/) - cycle Shift-Dir - straight line, f - Terence
Aim: Terence, wielding a +1 mace of holy wrath and wearing a +0 scale mail (64% to hit)
You throw a curare-tipped dart. The curare-tipped dart hits Terence.
Terence is poisoned.
Terence convulses.
Terence seems to slow down.
Terence is lightly wounded.
You see here a dart slug corpse.
Things that are here:
a +0 short sword; a kobold corpse; a rat corpse
There is a stone staircase leading up here.
You climb upwards.
There is a stone staircase leading down here.
You hit Terence.
Terence is severely wounded.
Terence hits you with a +1 mace of holy wrath.
You convulse.
You closely miss Terence.
Terence is almost dead.
Terence looks more healthy.
Terence hits you with a +1 mace of holy wrath.
You convulse.
You hit Terence but do no damage.
Terence is almost dead.
Terence is no longer moving slowly.
Terence hits you with a +1 mace of holy wrath.
* * * LOW HITPOINT WARNING * * *
You convulse.
* * * LOW HITPOINT WARNING * * *
Throw: 3 throwing nets
Press: ? - help, Q - select action, (/) - cycle Shift-Dir - straight line, f - Terence
Aim: Terence, wielding a +1 mace of holy wrath and wearing a +0 scale mail (almost dead, 64% to hit)
You throw a throwing net.
The throwing net closely misses Terence.
Terence hits you with a +1 mace of holy wrath.
You die...

.# #.# #...#.........# .# #.#
#.#.#.#..#.##.# .# #######.#
#.#.#.#..#.##.# .#
#.....#.#####.#.#.#..#.##.#
.#####.....#.#..(..#.#)...#.##.##
...........'.#.....+.#....#.##.##
####.......###.....###.#..#.##.##
#.......# #..@..# #.#....##.##
#.......# #..@..# #.###.###...
#.......# #.....# #.###..##...
######### ####### #...........
######.##... #...... ##.....
#.)... #######.... #.....'....


You could see Terence.

Vanquished Creatures
  A dart slug (D:2)
  3 ball pythons
  2 endoplasms (D:1)
  4 goblins (D:1)
  2 hobgoblins (D:1)
  A kobold (D:2)
  7 bats
  4 frilled lizards (D:1)
  3 rats
27 creatures vanquished.

Vanquished Creatures (others)
  2 fungi (D:1)
  3 plants (D:1)
5 creatures vanquished.

Grand Total: 32 creatures vanquished

Notes
Turn   | Place    | Note
-------+----------+-------------------------------------------
     0 | D:1      | flotson the Demonspawn Gladiator began the quest for the
                  | Orb.
     0 | D:1      | Reached XP level 1. HP: 16/16 MP: 1/1
   105 | D:1      | Gained mutation: You regenerate a little health from kills.
                  | [demonic ancestry]
   105 | D:1      | Reached XP level 2. HP: 19/22 MP: 2/2
   372 | D:1      | Found a faded altar of an unknown god.
   575 | D:2      | Reached skill level 3 in Dodging
   596 | D:2      | Reached skill level 1 in Armour
   603 | D:2      | Noticed Terence
   607 | D:2      | Gained mutation: You regenerate health from kills. [demonic
                  | ancestry]
   607 | D:2      | Reached XP level 3. HP: 26/28 MP: 3/3
   624 | D:1      | Slain by Terence

Illustrated notes

Levels and vault maps discovered:
D:1:      lightli_arrival_lavapool, layout_basic,
          dreamdust_ecumenical_altar_hidden_monk_grotto
D:2:      layout_rooms, serial_bayou_pond_b, hex_intersection,
          amcnicky_mini_pool_small, uniq_terence, uniq_crazy_yiuf_cottage

Skill      XL: |  1  2 |
---------------+-------+-----
Throwing       | 2 |  2.2
Dodging        | 3 |  3.0
Armour         | 1 |  1.0
Fighting       | |  2.4
Axes           | |  2.6

Action                   || total
-------------------------++-------
Melee: War axe           ||    68
Throw: Dart              ||     1
       Throwing net      ||     1
Armor: Leather armour    ||    37
Dodge: Dodged            ||    51

Table legend: (Time is in decaauts)
 A = Elapsed time spent in this place.
 B = Non-inter-level travel time spent in this place.
 C = Inter-level travel time spent in this place.
 D = Time resting spent in this place.
 E = Time spent auto-exploring this place.
 F = Levels seen in this place.
 G = Mean time per level.
                   A        B        C        D        E       F      G
               +--------+--------+--------+--------+--------+-----+--------+
         Total |    649 |    615 |     34 |      0 |    433 |   2 |  324.5 |
       Dungeon |    649 |    615 |     34 |      0 |    433 |   2 |  324.5 |
               +--------+--------+--------+--------+--------+-----+--------+

Top non-repeatable levels by time:
     D:1: 592 daAuts
     D:2: 56 daAuts
